[Event "Team 45 45 League T39"]
[Site "Internet Chess Club"]
[Date "2008.11.27"]
[Round "6"]
[White "chiiwen"]
[Black "fledermaus"]
[Result "1/2-1/2"]
[WhiteElo "2096"]
[BlackElo "1951"]
[Opening "Sicilian: Sozin attack"]
[ECO "B86"]
[Time "19:01:25"]
[TimeControl "2700+45"]

1. e4 c5 2. Nf3 e6 3. d4 cxd4 4. Nxd4 Nf6 5. Nc3 d6 6. Bc4 Be7 7. O-O O-O 8. Bb3
Na6 9. Bg5 Nc5 10. Re1 a6 11. Qd2 h6 12. Bxf6 Bxf6 13. Rad1 Qc7 14. f4 Bd7 15.
Nf3 Nxb3 16. axb3 Be7 17. e5 d5 18. f5 exf5 19. Nxd5 Qc5+ 20. Kh1 Be6 21. c4 a5
22. Ra1 Rfd8 23. Red1 b6 24. Nxe7+ Qxe7 25. Qe3 Qc7 26. h4 Rxd1+ 27. Rxd1 Rd8
28. Rxd8+ Qxd8 29. Kh2 Qc7 30. Kg1 Qc6 31. Nd4 Qc5 32. Kf2 Kf8 33. Ne2 Ke7 34.
Nc3 Kd7 35. Na4 Qxe3+ 36. Kxe3 Kc6 37. Kd4 g5 38. hxg5 hxg5 39. Nc3 Bc8 40. g3
Bd7 41. Nd5 Be6 42. b4 b5 43. b3 bxc4 44. bxc4 axb4 45. Nxb4+ Kb6 46. Nd3 Kc6
47. Nf2 Bc8 48. Nd3 Be6 49. Ne1 Bc8 50. Nf3 f4 51. gxf4 gxf4 52. Ke4 Kc5 53. Nd2
Ba6 54. Kxf4 Bxc4 55. Kf5 Be6+ 56. Kf6 Bd5 57. Nf1 Kd4 58. Ng3 Bb3 {Game drawn
by mutual agreement} 1/2-1/2

[Event "Team 45 45 League T39"]
[Site "Internet Chess Club"]
[Date "2008.12.07"]
[Round "6"]
[White "baumhauer"]
[Black "Blade"]
[Result "0-1"]
[WhiteElo "1927"]
[BlackElo "2096"]
[Opening "Queen's pawn game"]
[ECO "E10"]
[Time "14:48:21"]
[TimeControl "2700+45"]

1. d4 e6 2. Nf3 Nf6 3. c4 d5 4. g3 dxc4 5. Qa4+ Nbd7 6. Qxc4 b6 7. Bg2 Bb7 8.
O-O c5 9. Nc3 cxd4 10. Nxd4 Rc8 11. Qa4 Bxg2 12. Kxg2 Qc7 13. f3 Qc4 14. Qxc4
Rxc4 15. Nb3 Bb4 16. Bd2 O-O 17. e4 Ne5 18. a3 Be7 19. Be3 Nd3 20. Nd2 Rcc8 21.
Nb5 Nxb2 22. Nxa7 Rc2 23. Kh3 Rd8 24. Rac1 Rdxd2 25. Bxd2 Rxd2 26. Rc8+ Bf8 27.
Nc6 g5 28. e5 Nd5 29. f4 h6 30. f5 Ne3 31. fxe6 g4+ {White resigns} 0-1

[Event "Team 45 45 League T39"]
[Site "Internet Chess Club"]
[Date "2008.11.28"]
[Round "6"]
[White "Ehab"]
[Black "cgrau"]
[Result "0-1"]
[WhiteElo "1853"]
[BlackElo "1826"]
[Opening "Ruy Lopez: exchange variation, 5.O-O"]
[ECO "C68"]
[Time "13:01:24"]
[TimeControl "2700+45"]

1. e4 e5 2. Nf3 Nc6 3. Bb5 a6 4. Bxc6 dxc6 5. O-O Be7 6. Nxe5 Qd4 7. Nf3 Qxe4 8.
d3 Qg6 9. Bf4 Bd6 10. Re1+ Be6 11. Ne5 Qf5 12. Bg3 Nf6 13. Nc3 O-O 14. Qd2 Nh5
15. f4 Bc5+ 16. Bf2 Bxf2+ 17. Qxf2 Qxf4 18. Nf3 Nf6 19. Ne4 Rfe8 20. Kh1 Bd5 21.
Qd4 Bxe4 22. dxe4 Rxe4 23. Rxe4 Qxe4 24. Qf2 h6 25. Re1 Qd5 26. h3 Qxa2 27. b3
Qa5 28. Re5 Qc3 29. Re3 Qb4 30. Nh4 Re8 31. Nf5 Rxe3 32. Qxe3 Qe4 33. Ne7+ Kf8
34. Qxe4 Nxe4 35. Nf5 g6 36. Ne3 b5 37. g4 a5 38. Kg2 a4 39. bxa4 bxa4 40. Nc4
Nc3 41. Kf3 Nb5 42. Ke4 Nd6+ 43. Kd4 Nxc4 44. Kxc4 f5 {White resigns} 0-1

[Event "Team 45 45 League T39"]
[Site "Internet Chess Club"]
[Date "2008.11.30"]
[Round "6"]
[White "crag"]
[Black "Ghashgork"]
[Result "0-1"]
[WhiteElo "1580"]
[BlackElo "1735"]
[Opening "Pirc: classical (two knights) system"]
[ECO "B08"]
[Time "16:00:11"]
[TimeControl "2700+45"]

1. e4 d6 2. d4 Nf6 3. Nc3 g6 4. Nf3 Bg7 5. Bc4 O-O 6. O-O Bg4 7. h3 Bxf3 8. Qxf3
c6 9. Bf4 Nbd7 10. Rad1 Nh5 11. Be3 e5 12. Qe2 Qc7 13. Qd2 Nb6 14. Be2 Nf6 15.
dxe5 dxe5 16. Qd6 Qxd6 17. Rxd6 Rfd8 18. Rfd1 Rxd6 19. Rxd6 Nfd7 20. f3 Bf8 21.
Rd2 Bc5 22. Bxc5 Nxc5 23. Nd1 Ne6 24. Nf2 f6 25. Rd6 Kf7 26. Ng4 h5 27. Ne3 Nd4
28. Kf2 Ke7 29. Rxd4 exd4 30. Nf1 Na4 31. b3 Nc3 32. a3 b5 33. Bd3 a5 34. Ke1 a4
{White resigns} 0-1

[Event "Team 45 45 League T39"]
[Site "Internet Chess Club"]
[Date "2008.12.01"]
[Round "6"]
[White "knight2f3"]
[Black "houseofcook"]
[Result "0-1"]
[WhiteElo "1524"]
[BlackElo "1412"]
[Opening "Queen's pawn game, Darooha variation "]
[ECO "D02"]
[Time "14:04:26"]
[TimeControl "2700+45"]

1. d4 d5 2. Nf3 Nf6 3. c4 e6 4. g3 b6 5. Bg2 Bb7 6. O-O Be7 7. Nc3 O-O 8. cxd5
exd5 9. Bd2 c5 10. e3 Nbd7 11. a3 Re8 12. b4 cxd4 13. Nxd4 Ne5 14. Qb3 Nc4 15.
Bc1 Rc8 16. Bh3 Rb8 17. Rd1 a6 18. a4 Qc7 19. Rd3 Rbd8 20. Ra2 Ne5 21. Rd1 Nc4
22. Rc2 Bc8 23. Bf1 Bf5 24. Nxd5 Bxc2 25. Nxc7 Bxb3 26. Nxe8 Bxd1 27. Nxf6+ Bxf6
28. Bxc4 Rc8 {White resigns} 0-1

[Event "Team 45 45 League T39"]
[Site "Internet Chess Club"]
[Date "2008.11.28"]
[Round "6"]
[White "AndersO"]
[Black "Mutaant"]
[Result "0-1"]
[WhiteElo "1438"]
[BlackElo "1541"]
[Opening "Ruy Lopez: classical (Cordel) defense"]
[ECO "C64"]
[Time "15:00:09"]
[TimeControl "2700+45"]

1. e4 e5 2. Nf3 Nc6 3. Bb5 Bc5 4. O-O Qf6 5. c3 Nge7 6. d3 h6 7. Nbd2 O-O 8. Re1
d6 9. h3 a6 10. Ba4 b5 11. Bb3 Ng6 12. Nf1 Nf4 13. Bxf4 Qxf4 14. Qd2 Qf6 15. Ne3
Ne7 16. Qe2 c6 17. Rad1 Ng6 18. Kh2 Nf4 19. Qd2 Nxh3 20. d4 exd4 21. cxd4 Bb6
22. Re2 Nf4 23. Ree1 Be6 24. Bxe6 fxe6 25. Ng4 Qg6 26. Ne3 Nxg2 27. Rg1 Rxf3 28.
Rxg2 Qh5+ 29. Kg1 Rh3 30. Kf1 Rh1+ 31. Rg1 Rf8 32. Rc1 Qh3+ 33. Ng2 e5 34. Ke2
Rxg1 35. Rxg1 Bxd4 36. Ne3 Qf3+ 37. Ke1 Rf4 38. Rg3 Qh1+ 39. Ke2 Rxe4 40. Kd3
Rf4 41. Qc2 Qe4+ 42. Kd2 Bxe3+ 43. Rxe3 Rxf2+ 44. Re2 Qxe2+ 45. Kc1 Qxc2# {White
checkmated} 0-1

[Event "Team 45 45 League T39"]
[Site "Internet Chess Club"]
[Date "2008.11.30"]
[Round "6"]
[White "Timotheous"]
[Black "Bookkeeper"]
[Result "1-0"]
[WhiteElo "1692"]
[BlackElo "1488"]
[Opening "English: London defensive system"]
[ECO "A11"]
[Time "15:03:32"]
[TimeControl "2700+45"]

1. Nf3 c6 2. c4 d5 3. g3 Bf5 4. b3 Nf6 5. Bg2 e6 6. O-O Bd6 7. Bb2 O-O 8. d3
Nbd7 9. cxd5 cxd5 10. Nbd2 Rc8 11. Re1 Bb4 12. Rc1 Qa5 13. a3 Be7 14. b4 Qd8 15.
Qb3 Nb6 16. Rxc8 Qxc8 17. e4 dxe4 18. dxe4 Bg6 19. Rc1 Qd8 20. Rd1 Qc8 21. Ne5
Nbd7 22. Rc1 Qd8 23. Nxg6 hxg6 24. e5 Ng4 25. Nc4 b5 26. Nd6 Qb6 27. Qc2 Bxd6
28. exd6 Qxd6 29. Rd1 Qe7 30. Qc7 Rd8 31. Bc6 Ngf6 32. Bxf6 Qxf6 33. Rxd7 Qa1+
34. Kg2 Rxd7 35. Qxd7 Qxa3 36. Qe8+ Kh7 37. Qxf7 Qxb4 38. Qxa7 Qc3 39. Bxb5 Qe5
40. Qb7 Kh6 41. Bc6 Kh7 42. Bf3 Kh6 43. Qe4 Qxe4 44. Bxe4 Kg5 45. f4+ Kf6 46. h4
e5 47. fxe5+ Kxe5 48. Bxg6 Kf6 49. Bd3 {Black resigns} 1-0

[Event "Team 45 45 League T39"]
[Site "Internet Chess Club"]
[Date "2008.12.01"]
[Round "6"]
[White "BlunderJack"]
[Black "OGO"]
[Result "1-0"]
[WhiteElo "1625"]
[BlackElo "1583"]
[Opening "Old Indian defense"]
[ECO "A53"]
[Time "16:00:36"]
[TimeControl "2700+45"]

1. d4 Nf6 2. c4 d6 3. Nc3 e6 4. Nf3 b6 5. Bg5 Be7 6. e3 Bb7 7. Bd3 O-O 8. O-O
Nbd7 9. e4 e5 10. Re1 Rc8 11. Rc1 a6 12. Bc2 h6 13. Bh4 Nxe4 14. Bxe7 Nxc3 15.
Qd3 e4 16. Qxc3 Qxe7 17. d5 Nf6 18. Nd2 c6 19. Nxe4 cxd5 20. Ng3 Qd8 21. Qd3
dxc4 22. Qf5 Rc5 23. Qf4 d5 24. Nf5 Qc7 25. Nxh6+ Kh8 26. Qh4 gxh6 27. Qxh6+ Kg8
28. Qg5+ Kh8 29. Qxf6+ Kg8 30. Qg5+ {Black resigns} 1-0

[Event "Team 45 45 League T39"]
[Site "Internet Chess Club"]
[Date "2008.12.02"]
[Round "6"]
[White "RD1974"]
[Black "dougmo"]
[Result "0-1"]
[WhiteElo "1597"]
[BlackElo "1544"]
[Opening "Réti: King's Indian attack, French variation"]
[ECO "C00"]
[Time "18:02:25"]
[TimeControl "2700+45"]

1. e4 e6 2. d3 d5 3. Nd2 Nf6 4. g3 Be7 5. Bg2 c5 6. Ngf3 Nc6 7. O-O O-O 8. Re1
dxe4 9. dxe4 Bd7 10. e5 Nd5 11. c4 Ndb4 12. Ne4 Rc8 13. a3 Na6 14. Bf4 Be8 15.
Nd6 Bxd6 16. exd6 Bd7 17. Qd3 f6 18. Rad1 Qe8 19. Bh3 e5 20. Bxd7 Qxd7 21. Qd5+
Kh8 22. Bxe5 fxe5 23. Nxe5 Nxe5 24. Rxe5 Rce8 25. Re7 Rxe7 26. dxe7 Qxe7 27. Kg2
Nb8 28. h4 Nc6 29. Rf1 Nd4 30. Qh5 g6 31. Qd1 Qe4+ 32. Kh3 h5 33. f4 Qf5+ 34.
Kh2 Re8 35. Rf2 Qg4 36. Qxg4 hxg4 37. Kg1 Re2 38. b4 Nf3+ 39. Kf1 Re1+ {White
resigns} 0-1

[Event "Team 45 45 League T39"]
[Site "Internet Chess Club"]
[Date "2008.11.28"]
[Round "6"]
[White "werty"]
[Black "Skyler"]
[Result "1/2-1/2"]
[WhiteElo "1509"]
[BlackElo "1372"]
[Opening "Queen's pawn game"]
[ECO "D02"]
[Time "14:31:07"]
[TimeControl "2700+45"]

1. d4 d5 2. Nf3 Bf5 3. e3 e6 4. Bd3 Bg6 5. b3 c6 6. Bb2 f5 7. Nc3 Bd6 8. Qe2 Nf6
9. O-O-O Nbd7 10. h3 Qe7 11. Nb1 O-O-O 12. Nh4 Bh5 13. Nf3 Rdg8 14. c4 g5 15. c5
Bc7 16. Qc2 g4 17. hxg4 Bxg4 18. Rdg1 Qf7 19. Nbd2 Bh5 20. g3 Bxf3 {Game drawn
by mutual agreement} 1/2-1/2

[Event "Team 45 45 League T39"]
[Site "Internet Chess Club"]
[Date "2008.11.27"]
[Round "6"]
[White "civilization"]
[Black "Python132"]
[Result "1/2-1/2"]
[WhiteElo "1627"]
[BlackElo "1785"]
[Opening "French: advance, Nimzovich system"]
[ECO "C02"]
[Time "22:00:27"]
[TimeControl "2700+45"]

1. e4 e6 2. d4 d5 3. e5 c5 4. Nf3 Nc6 5. Bd3 Qb6 6. a3 Bd7 7. O-O cxd4 8. b4
Nge7 9. Bf4 Ng6 10. Bg3 Be7 11. Nbd2 O-O 12. Nb3 Rfc8 13. Rc1 Be8 14. Bxg6 hxg6
15. Nbxd4 Nxd4 16. Qxd4 Qxd4 17. Nxd4 Rc4 18. c3 Rac8 19. Ne2 Bb5 20. Nd4 Be8
21. Ne2 R4c7 22. Rfe1 Bb5 23. Nd4 Bd3 24. Nb3 Rxc3 25. Nc5 Rxc1 26. Rxc1 Bb5 27.
f4 b6 28. Nd3 Rxc1+ 29. Nxc1 a5 30. Be1 axb4 31. Bxb4 Bxb4 32. axb4 Kf8 33. Kf2
Ke7 34. Ke3 Kd7 35. Nb3 Ke7 36. Nd4 Bd7 37. Nf3 f6 38. Kd4 Kf7 39. g4 Bb5 40. g5
f5 41. Ke3 Ke7 42. Nd4 Be8 43. Kd2 {Game drawn by mutual agreement} 1/2-1/2

[Event "Team 45 45 League T39"]
[Site "Internet Chess Club"]
[Date "2008.11.30"]
[Round "6"]
[White "mightynite"]
[Black "chessmanlo"]
[Result "0-1"]
[WhiteElo "1414"]
[BlackElo "1262"]
[Opening "English: Carls' Bremen system"]
[ECO "A22"]
[Time "20:00:51"]
[TimeControl "2700+45"]

1. c4 e5 2. Nc3 Nf6 3. g3 Nc6 4. Bg2 Bc5 5. Nf3 d6 6. O-O Bf5 7. d3 O-O 8. a3
Kh8 9. b4 Bd4 10. Bd2 Bxc3 11. Bxc3 Qd7 12. b5 Ne7 13. Qb3 Bh3 14. c5 Bxg2 15.
Kxg2 Ng6 16. cxd6 cxd6 17. Rfc1 Qg4 18. e4 Nf4+ 19. Kg1 Qh3 20. Nh4 Ng4 21. Qc2
Qxh2+ 22. Kf1 Qh1# {White checkmated} 0-1

[Event "Team 45 45 League T39"]
[Site "Internet Chess Club"]
[Date "2008.11.28"]
[Round "6"]
[White "Slartibartfast"]
[Black "Juan73"]
[Result "1-0"]
[WhiteElo "1678"]
[BlackElo "1468"]
[Opening "Benko's opening"]
[ECO "A00"]
[Time "14:29:05"]
[TimeControl "2700+45"]

1. g3 e5 2. Bg2 d5 3. d3 Nf6 4. Nd2 Nc6 5. e4 Bc5 6. Nb3 Bb6 7. exd5 Nxd5 8. Nf3
Nf6 9. O-O Bg4 10. h3 Be6 11. Be3 Bxe3 12. fxe3 Qd6 13. Ng5 Bd7 14. Nd2 Qe7 15.
a3 h6 16. Nge4 Nxe4 17. Nxe4 O-O 18. Qe2 Rad8 19. g4 Be6 20. Rf2 Qd7 21. Raf1
Ne7 22. Nc5 Qb5 23. Nxe6 fxe6 24. Rxf8+ Rxf8 25. Rxf8+ Kxf8 26. Qf3+ Kg8 27.
Qxb7 Qc5 28. Qa8+ Kh7 29. Qe4+ Kh8 30. c3 Ng8 31. Kf2 Nf6 32. Qc6 Qf8 33. Ke2
Qc8 34. Kd2 Kg8 35. b4 Ne8 36. Qb5 Kf7 37. a4 Kf6 38. Qc5 Qd8 39. Qf8+ Kg5 40.
Bc6 Qf6 41. Qxe8 Qf2+ 42. Kd1 Qxe3 43. Qh5+ Kf4 44. Be4 Qg1+ 45. Kc2 Qe1 46.
Qf7+ Kg3 47. Qxg7 Qa1 48. Qxe5+ Kh4 49. Qxe6 Qxa4+ 50. Kd2 Qa1 51. Qxh6+ Kg3 52.
Qe3+ Kh4 53. g5 Qb2+ 54. Kd1 Qxc3 55. Qf4+ Kxh3 56. Bf5+ Kg2 57. Qd2+ {Black
resigns} 1-0

[Event "Team 45 45 League T39"]
[Site "Internet Chess Club"]
[Date "2008.11.30"]
[Round "6"]
[White "lmadueno"]
[Black "manzeer"]
[Result "1-0"]
[WhiteElo "1610"]
[BlackElo "1554"]
[Opening "Scotch gambit"]
[ECO "C44"]
[Time "10:17:54"]
[TimeControl "2700+45"]

1. e4 e5 2. Nf3 Nc6 3. d4 exd4 4. Bc4 h6 5. c3 dxc3 6. Nxc3 Bb4 7. O-O Bxc3 8.
bxc3 d6 9. Qb3 Qe7 10. Ba3 Rb8 11. e5 Na5 12. Qa4+ Nc6 13. exd6 cxd6 14. Rfe1
Be6 15. Bb5 Qc7 16. Rad1 Rd8 17. Nd4 Ne7 18. Rxe6 fxe6 19. Nxe6 Qd7 20. Nxg7+
Kf7 21. Rxd6 Qc7 22. Qf4+ Kxg7 23. Qf6+ Kh7 24. Bd3+ Kg8 25. Qe6+ Kf8 26. Qf6+
Ke8 27. Bg6+ Nxg6 28. Qxg6+ Ke7 29. Qe6+ Kf8 30. Rxc6+ Kg7 31. Rxc7+ {Black
resigns} 1-0

[Event "Team 45 45 League T39"]
[Site "Internet Chess Club"]
[Date "2008.12.01"]
[Round "6"]
[White "GadsHill"]
[Black "Kravier"]
[Result "1/2-1/2"]
[WhiteElo "1594"]
[BlackElo "1528"]
[Opening "Budapest: Adler variation"]
[ECO "A52"]
[Time "19:49:46"]
[TimeControl "2700+45"]

1. d4 Nf6 2. c4 e5 3. dxe5 Ng4 4. Nf3 Bc5 5. e3 Nc6 6. Be2 Ngxe5 7. Nxe5 Nxe5 8.
Nc3 d6 9. Ne4 Bb4+ 10. Bd2 Bxd2+ 11. Qxd2 Qh4 12. Qc2 O-O 13. O-O Be6 14. b3
Rad8 15. Ng3 f5 16. f4 Ng4 17. Bxg4 Qxg4 18. Qe2 Qxe2 19. Nxe2 Rde8 20. Nd4 Bd7
{Game drawn by mutual agreement} 1/2-1/2

[Event "Team 45 45 League T39"]
[Site "Internet Chess Club"]
[Date "2008.11.27"]
[Round "6"]
[White "betto2506"]
[Black "musk6868"]
[Result "1-0"]
[WhiteElo "1540"]
[BlackElo "1547"]
[Opening "Pirc defense"]
[ECO "B07"]
[Time "12:00:06"]
[TimeControl "2700+45"]

1. e4 d6 2. d4 Nf6 3. Nc3 e5 4. dxe5 dxe5 5. Qxd8+ Kxd8 6. Be3 Be6 7. Nf3 Nc6 8.
a3 Bd6 9. Ng5 Ke7 10. Nxe6 fxe6 11. f3 a6 12. Bd3 b5 13. Kf2 Nd7 14. h3 Bc5 15.
Ne2 Rad8 16. c3 Bxe3+ 17. Kxe3 Nc5 18. Bc2 g5 19. Rhd1 Na5 20. Rxd8 Rxd8 21. b4
Nc4+ 22. Kf2 Rd2 23. bxc5 Rxc2 24. a4 b4 25. cxb4 Rb2 26. b5 axb5 27. a5 Rd2 28.
a6 Rd8 29. a7 Ra8 30. Nc1 Kd7 31. Nd3 Kc6 32. Kg3 Kb7 33. Kg4 h6 34. g3 Rxa7 35.
Rxa7+ Kxa7 36. h4 Ka6 37. hxg5 hxg5 38. Kxg5 Ka5 39. Kf6 b4 40. g4 Nd2 41. g5
Nf1 42. g6 Ng3 43. Kxe6 b3 44. Kxe5 Kb5 45. Kd5 c6+ 46. Kd6 Kc4 47. Nb2+ Kd4 48.
g7 Nh5 49. g8=Q Nf4 50. Qc4+ Ke3 51. Qxb3+ Ke2 52. Kxc6 Kf2 53. e5 Ne2 54. Qd3
Ke1 55. Qxe2+ Kxe2 56. f4 Kd2 57. Nc4+ Kd3 58. Nd6 Kd4 59. e6 Ke3 60. f5 Kf4 61.
f6 Ke5 62. e7 Kxf6 63. e8=Q Kg5 64. Kd5 Kf4 65. Qe4+ Kg5 66. Qf5+ Kh6 67. Qg4
Kh7 68. Ke5 Kh6 69. Kf6 Kh7 70. Qg7# {Black checkmated} 1-0

[Event "Team 45 45 League T39"]
[Site "Internet Chess Club"]
[Date "2008.12.01"]
[Round "6"]
[White "DrewA"]
[Black "crankn8tr"]
[Result "1/2-1/2"]
[WhiteElo "1724"]
[BlackElo "1557"]
[Opening "QGD: Tarrasch defense, 4.cd ed"]
[ECO "D32"]
[Time "11:04:37"]
[TimeControl "2700+45"]

1. d4 d5 2. c4 e6 3. Nc3 c5 4. cxd5 exd5 5. dxc5 d4 6. Na4 Bxc5 7. Nxc5 Qa5+ 8.
Qd2 Qxc5 9. Nf3 Nc6 10. b3 Nf6 11. Bb2 Ne4 12. Bxd4 Nxd2 13. Bxc5 Nxf3+ 14. exf3
b6 15. Be3 O-O 16. Bc4 Ne5 17. Bd5 Nd3+ 18. Kd2 Rd8 19. Kxd3 Rxd5+ 20. Kc3 Ba6
21. Rhd1 Rad8 22. Rd4 Rxd4 23. Bxd4 f6 24. Re1 Kf7 25. Be3 Rd7 26. Kb2 Bb5 27.
g3 Bc6 28. f4 Bf3 29. h4 h5 30. Rc1 f5 31. a4 Rb7 32. b4 b5 33. a5 a6 34. Bb6
Ke6 35. Rc7 Rxc7 36. Bxc7 Kd5 37. Kc3 Ke4 38. Bb6 Bd1 39. Kd2 Bb3 40. Kc3 Bc4
41. Bd4 g6 42. Be3 Be2 43. Kd2 Bc4 44. Ke1 Bd3 45. Bc5 Bc4 46. Be3 {Game drawn
by mutual agreement} 1/2-1/2

[Event "Team 45 45 League T39"]
[Site "Internet Chess Club"]
[Date "2008.11.30"]
[Round "6"]
[White "slipkid"]
[Black "UglyJames"]
[Result "1-0"]
[WhiteElo "1580"]
[BlackElo "1211"]
[Opening "Scotch opening"]
[ECO "C44"]
[Time "13:59:28"]
[TimeControl "2700+45"]

1. e4 e5 2. Nf3 Nc6 3. d4 f6 4. dxe5 fxe5 5. Bc4 d6 6. Ng5 Nh6 7. Nc3 Qe7 8. Nd5
Qd7 9. Ne6 b6 10. Nexc7+ Kf7 11. Nxb6+ Qe6 12. Nxe6 Bxe6 13. Bxe6+ Kxe6 14. Nxa8
Nd4 15. Nc7+ Ke7 16. Bg5+ Kd7 17. Nd5 Nf7 18. Qg4+ Kc6 19. c3 Nc2+ 20. Kd2 Nxa1
21. Rxa1 Nxg5 22. Qxg5 h6 23. Qd8 g5 24. a4 Bg7 25. Qc7# {Black checkmated} 1-0

[Event "Team 45 45 League T39"]
[Site "Internet Chess Club"]
[Date "2008.11.30"]
[Round "6"]
[White "Maxfield"]
[Black "Fogbound"]
[Result "1-0"]
[WhiteElo "1162"]
[BlackElo "1210"]
[Opening "Vienna gambit"]
[ECO "B00"]
[Time "14:01:54"]
[TimeControl "2700+45"]

1. e4 Nc6 2. Nc3 e5 3. f4 Bb4 4. Nf3 Nf6 5. fxe5 Ng8 6. Bc4 Nh6 7. d4 O-O 8.
Bxh6 gxh6 9. d5 Ne7 10. O-O Ng6 11. Qd3 Nf4 12. Qe3 d6 13. Qxf4 Bc5+ 14. Kh1 Kh8
15. Qxh6 Rg8 16. Nh4 Qg5 17. Qxg5 Rxg5 18. exd6 cxd6 19. Rxf7 Bg4 20. Raf1 Rag8
21. h3 Bh5 22. Rxb7 Rg3 23. Nd1 Bxd1 24. Rxd1 Re3 25. Bd3 Reg3 26. b4 Bd4 27.
Rd7 Bf6 28. Nf5 Rxg2 29. Nh6 R2g3 30. Nxg8 Rxh3+ 31. Kg2 Rh5 32. Nxf6 Rg5+ 33.
Kh3 Rg7 34. Rd8+ {Black resigns} 1-0

[Event "Team 45 45 League T39"]
[Site "Internet Chess Club"]
[Date "2008.11.29"]
[Round "6"]
[White "BigBadPawn"]
[Black "eurander"]
[Result "1/2-1/2"]
[WhiteElo "1991"]
[BlackElo "2238"]
[Opening "Caro-Kann: classical, 6.h4"]
[ECO "B18"]
[Time "11:29:29"]
[TimeControl "2700+45"]

1. e4 c6 2. d4 d5 3. Nc3 dxe4 4. Nxe4 Bf5 5. Ng3 Bg6 6. h4 h6 7. h5 Bh7 8. Nf3
Nd7 9. Bc4 e6 10. Qe2 Ngf6 11. Ne5 Nxe5 12. dxe5 Nd5 13. O-O Be7 14. Bxd5 cxd5
15. Qg4 Rg8 16. c3 Qc7 17. Qa4+ Qd7 18. Qd4 Qc6 19. Be3 Qc4 20. Qxc4 dxc4 21.
Rfe1 b6 22. b3 Bd3 23. bxc4 Bxc4 24. a4 Kd7 25. Red1+ Kc7 26. a5 {Game drawn by
mutual agreement} 1/2-1/2

[Event "Team 45 45 League T39"]
[Site "Internet Chess Club"]
[Date "2008.11.30"]
[Round "6"]
[White "tourettes"]
[Black "HocusPocus"]
[Result "0-1"]
[WhiteElo "1681"]
[BlackElo "1964"]
[Opening "Sicilian: closed"]
[ECO "B23"]
[Time "05:03:04"]
[TimeControl "2700+45"]

1. e4 c5 2. Nc3 e6 3. g3 Nc6 4. Bg2 Nf6 5. Nge2 d5 6. exd5 exd5 7. d3 h6 8. O-O
Be7 9. h3 O-O 10. d4 Re8 11. Be3 c4 12. Nf4 Be6 13. Nxe6 fxe6 14. a3 Bd6 15. Qd2
Ne7 16. g4 Kh7 17. g5 hxg5 18. Bxg5 Nf5 19. Ne2 Bc7 20. c3 Qd6 21. Bf4 Qd7 22.
Bxc7 Qxc7 23. Qf4 Qd7 24. Ng3 g6 25. Rae1 Kg7 26. Re5 Rh8 27. Rfe1 Rae8 28. Qd2
Kf7 29. Qe2 b6 30. Qd2 Nh7 31. Qe2 Ng5 32. Qg4 Kf6 33. f4 Nf7 34. R5e2 Qd6 35.
Kf1 Rh4 36. Qf3 Rxf4 {White resigns} 0-1

[Event "Team 45 45 League T39"]
[Site "Internet Chess Club"]
[Date "2008.12.04"]
[Round "6"]
[White "jefferyx"]
[Black "crankn8tr"]
[Result "1-0"]
[WhiteElo "1844"]
[BlackElo "1552"]
[Opening "Sicilian: Pelikan (Lasker/Sveshnikov) variation"]
[ECO "B33"]
[Time "20:35:04"]
[TimeControl "2700+45"]

1. e4 c5 2. Nf3 Nc6 3. d4 cxd4 4. Nxd4 Nf6 5. Nc3 e5 6. Ndb5 Bc5 7. Nd6+ Ke7 8.
Ncb5 Nd4 9. Nxd4 Bxd4 10. Nf5+ Kf8 11. Nxd4 exd4 12. Qxd4 Qe7 13. Bd3 d5 14. O-O
dxe4 15. Bd2 Qd7 16. Bb4+ Kg8 17. Qc5 Qd8 18. Bc4 a6 19. Qe5 Qe8 20. Be7 b5 21.
Bb3 Qc6 22. Bxf6 gxf6 23. Qg3+ Kf8 24. Rad1 Be6 25. Rd6 Qc7 26. Bxe6 fxe6 27.
Rxe6 Qxg3 28. fxg3 Rd8 29. Rexf6+ Ke7 30. Rxa6 Rd2 31. Rc6 Rhd8 32. Re1 Rd1 33.
Rc7+ Ke6 34. Rxd1 Rxd1+ 35. Kf2 Rd2+ 36. Ke3 Rxg2 37. Rxh7 Rxc2 38. Kxe4 Rxb2
39. Kd3 Rxa2 40. Kc3 Kf6 41. Kb3 Ra1 42. h3 Rb1+ 43. Kc2 Rb4 44. g4 Rc4+ 45. Kb3
Kg6 46. Rh5 Rf4 47. Rh8 Kg7 48. Rh5 Kg6 49. Kb2 Rb4+ 50. Kc3 Rf4 51. Kd3 Rb4 52.
Ke3 Rb3+ 53. Kf4 Rb4+ 54. Kg3 Rb3+ 55. Kh4 b4 56. Rb5 Rb2 57. Rb6+ Kg7 58. Kh5
Kf7 59. g5 Ke7 60. g6 Rb3 61. h4 Rg3 62. Kh6 b3 63. h5 Rf3 64. Kh7 Kd7 65. g7
Kc7 66. Rb4 {Black resigns} 1-0

[Event "Team 45 45 League T39"]
[Site "Internet Chess Club"]
[Date "2008.11.29"]
[Round "6"]
[White "chess92192"]
[Black "gok"]
[Result "1-0"]
[WhiteElo "1847"]
[BlackElo "1614"]
[Opening "QGD semi-Slav"]
[ECO "D43"]
[Time "08:52:37"]
[TimeControl "2700+45"]

1. d4 d5 2. c4 c6 3. Nf3 Nf6 4. Nc3 e6 5. Bg5 Be7 6. e3 Nbd7 7. Rc1 Nb6 8. c5
Nbd7 9. Bd3 h6 10. Bh4 O-O 11. Bc2 b6 12. Ne5 Nxe5 13. dxe5 Nd7 14. Qd3 g6 15.
Bxe7 Qxe7 16. cxb6 axb6 17. Qd4 Qg5 18. Qf4 Qxg2 19. Kd2 Qg5 20. h4 Qxf4 21.
exf4 h5 22. a3 Ba6 23. Rcg1 Kh8 24. Rg5 Nc5 25. Rhg1 Bc4 26. Ne2 Bb3 27. Bb1
Rad8 28. f3 Ba4 29. Ng3 {Black disconnected and forfeits} 1-0

[Event "Team 45 45 League T39"]
[Site "Internet Chess Club"]
[Date "2008.11.29"]
[Round "6"]
[White "mechanicalrook"]
[Black "John3v16"]
[Result "0-1"]
[WhiteElo "1468"]
[BlackElo "1704"]
[Opening "Scandinavian defense"]
[ECO "B01"]
[Time "23:00:16"]
[TimeControl "2700+45"]

1. e4 d5 2. exd5 Nf6 3. d6 Qxd6 4. Nc3 e5 5. d3 c5 6. Nf3 Nc6 7. Be3 Bf5 8. Be2
Nd4 9. O-O h6 10. Re1 Be7 11. Bf1 Bg4 12. Be2 O-O 13. h3 Nxe2+ 14. Qxe2 Bh5 15.
Rad1 Rfe8 16. Ne4 Nxe4 17. dxe4 Qc7 18. c3 Rad8 19. Rxd8 Rxd8 20. Rd1 Bd6 21.
Rd5 f6 22. Qd1 Bf7 23. Bxc5 Bxd5 24. Qxd5+ Kh8 25. Bxd6 Rxd6 26. Qb5 Qd7 27.
Qxd7 Rxd7 28. Kf1 Rd1+ 29. Ke2 Ra1 30. a3 Ra2 {White resigns} 0-1

[Event "Team 45 45 League T39"]
[Site "Internet Chess Club"]
[Date "2008.11.30"]
[Round "6"]
[White "Despair"]
[Black "pedrin"]
[Result "1-0"]
[WhiteElo "1962"]
[BlackElo "1599"]
[Opening "Grob's attack"]
[ECO "A00"]
[Time "17:45:35"]
[TimeControl "2700+45"]

1. g4 e5 2. d3 d5 3. h3 Bc5 4. Nf3 Nc6 5. Bg2 Nf6 6. g5 Nd7 7. Nc3 Bb4 8. Bd2 d4
9. Ne4 Bxd2+ 10. Qxd2 O-O 11. h4 Nb6 12. h5 Bg4 13. h6 Nd5 14. hxg7 Kxg7 15. Rh4
Bxf3 16. Bxf3 Nf4 17. Nf6 Rh8 18. O-O-O Ng6 19. Rh5 Qe7 20. Rdh1 Nf8 21. Rh6 a5
22. Be4 Qc5 23. Nh5+ Kg8 24. g6 Nxg6 25. Nf6+ Kg7 26. Bxg6 fxg6 27. Qg5 Kf7 28.
Rxh7+ Rxh7 29. Rxh7+ Ke6 30. Qxg6 Nb4 31. Ne4+ {Black resigns} 1-0

[Event "Team 45 45 League T39"]
[Site "Internet Chess Club"]
[Date "2008.11.29"]
[Round "6"]
[White "Camalleo"]
[Black "czek"]
[Result "1-0"]
[WhiteElo "1862"]
[BlackElo "1902"]
[Opening "Scandinavian defense"]
[ECO "B01"]
[Time "11:00:16"]
[TimeControl "2700+45"]

1. e4 d5 2. exd5 Nf6 3. Nc3 Nxd5 4. Bc4 Nb6 5. Bb3 c5 6. d3 e6 7. Qg4 N8d7 8.
Qe2 Nf6 9. Nf3 Bd6 10. O-O O-O 11. d4 cxd4 12. Nb5 Bb8 13. Nbxd4 e5 14. Nb5 e4
15. Ng5 Bg4 16. Qe1 Qe7 17. Nc3 Qe5 18. g3 Bf3 19. Nxf3 exf3 20. Qxe5 Bxe5 21.
Bd2 Rfe8 22. Rfe1 Bd4 23. Rad1 Ng4 24. Ne4 Bxb2 25. Bb4 Re5 26. a4 Rh5 27. h4
Ne5 28. Nd6 g6 29. a5 Nbd7 30. Nxf7 Kg7 31. Ng5 Kh8 32. c3 Rc8 33. Be6 Bxc3 34.
Rc1 Bxb4 35. Rxc8+ Kg7 36. Rb1 Bd2 37. Rxb7 Bxg5 38. hxg5 Rxg5 39. Bxd7 Kh6 40.
a6 Nd3 41. Rc3 Rd5 42. Bg4 Rd6 43. Bxf3 Nxf2 44. Kxf2 Rxa6 45. Rcc7 Ra2+ 46. Ke3
a5 47. Rxh7+ Kg5 48. Rb5+ Kf6 49. Be4 Ra3+ 50. Kf4 g5+ 51. Rxg5 Rf3+ 52. Bxf3 a4
53. Be4 {Black resigns} 1-0